 Dungeon Crawl Stone Soup version 0.30-a0-359-gd0147acb1a (webtiles) character file.

Game seed: 17309925374752459034

662 ragingrage the Sneak (level 7, 0/34 HPs)
             Began as a Vine Stalker Brigand on Nov 12, 2022.
             Was a Follower of Uskayaw.
             Succumbed to a water moccasin's poison
             ... on level 4 of the Dungeon.
             The game lasted 00:04:22 (3553 turns).

ragingrage the Sneak (Vine Stalker Brigand)         Turns: 3553, Time: 00:04:23

Health: 0/34       AC:  5    Str: 13    XL:     7   Next: 56%
Magic:  4/8        EV: 10    Int: 11    God:    Uskayaw [*.....]
Gold:   292        SH:  8    Dex: 18    Spells: 6/6 levels left

rFire   + . .      SeeInvis +    f - +0 dagger (venom)
rCold   + . .      Faith    .    v - +0 kite shield
rNeg    . . .      Spirit   +    q - +2 robe {rF+}
rPois   .          Reflect  .    (no helmet)
rElec   .          Harm     .    c - +0 cloak
rCorr   .          Rampage  .    (no gloves)
Will    .....                    (no boots)
Stlth   ++++......               (no amulet)
HPRegen 1.05/turn                k - ring of see invisible
MPRegen 0.11/turn                n - ring of protection from cold

@: lethally poisoned (0 -> -8)
A: fangs 2, regeneration 1, magic shield, antimagic bite, no potion heal 2
a: Renounce Religion, Stomp


You were on level 4 of the Dungeon.
You worshipped Uskayaw.
Uskayaw was noncommittal.
You visited 2 branches of the dungeon, and saw 6 of its levels.

You collected 292 gold pieces.

Inventory:

Hand Weapons
 a - a +2 dagger
 f - a +0 dagger of venom (weapon)
Missiles
 d - 16 poisoned darts (quivered)
 e - 3 curare-tipped darts
 g - 2 javelins
 r - 2 silver javelins
Armour
 c - a +0 cloak (worn)
 q - a +2 robe of fire resistance (worn)
 v - a +0 kite shield (worn)
Jewellery
 k - a ring of see invisible (left hand)
 n - a ring of protection from cold (right hand)
 u - a +6 ring of strength
Scrolls
 h - 3 scrolls of identify {unknown}
 i - 2 scrolls of noise {unknown}
 o - 4 scrolls of magic mapping {unknown}
 s - 2 scrolls of poison
 w - a scroll of immolation {unknown}
 x - a scroll of enchant armour {unknown}
Potions
 b - a potion of mutation {unknown}
 j - a potion of flight
 l - a potion of might {unknown}
 m - 3 potions of curing
 p - a potion of attraction {unknown}
 t - a potion of heal wounds {unknown}
 z - a potion of berserk rage {unknown}
 A - a potion of degeneration {unknown}


   Skills:
 - Level 1.7 Fighting
 * Level 5.2 Short Blades
 + Level 3.9 Throwing
 + Level 1.6 Dodging
 + Level 7.0 Stealth


You had 6 spell levels left.
You didn't know any spells.
Your spell library contained the following spells:

 Spells                   Type           Power      Damage    Failure   Level
 Static Discharge         Conj/Air       0%         2-2/arc   89%         2
 Vhi's Electric Charge    Tloc/Air       0%         N/A       98%         3
 Arcjolt                  Conj/Air       0%         1d10      100%        5
 Lightning Bolt           Conj/Air       0%         1d11      100%        5


Dungeon Overview and Level Annotations

Branches:
Dungeon (5/15)             Temple (1/1) D:5

Altars:
Ashenzari
Elyvilon
Kikubaaqudgha
Makhleb
Okawaru
Qazlal
Ru
Sif Muna
Trog
Uskayaw
Vehumet
Wu Jian
Xom
Yredelemnul
Zin
The Shining One

Shops:
D:2 (


Innate Abilities, Weirdness & Mutations

You have extremely sharp teeth.
Your natural rate of healing is unusually fast.
When hurt, damage is shared between your health and your magic reserves.
Your bite disrupts and absorbs the magic of your enemies.
Potions cannot restore your health.


Message History

The water moccasin is heavily wounded.
The water moccasin bites you.
* * * LOW HITPOINT WARNING * * *
You closely miss the water moccasin. Your bite misses the water moccasin.
The water moccasin is severely wounded.
The water moccasin barely misses you.
You closely miss the water moccasin. You bite the water moccasin.
You drain its power.
You feel invigorated.
The water moccasin is severely wounded.
The water moccasin closely misses you.
You miss the water moccasin.
The water moccasin is severely wounded.
The water moccasin bites you.
You are lethally poisoned!
The water moccasin poisons you!
The water moccasin bites you but does no damage.
You barely miss the water moccasin.
The water moccasin is almost dead.
* * * LOW HITPOINT WARNING * * *
You feel very sick.
The water moccasin looks more healthy.
The water moccasin bites you.
You are more poisoned.
The water moccasin poisons you!
Your system rejects the healing.
You feel better. You block the water moccasin's attack.
You hit the water moccasin but do no damage.
The water moccasin is almost dead.
The water moccasin barely misses you. The water moccasin closely misses you.
You barely miss the water moccasin. Your bite misses the water moccasin.
The water moccasin is almost dead.
You block the water moccasin's attack.
You hit the water moccasin. Your bite misses the water moccasin.
The water moccasin is almost dead.
The water moccasin bites you.
* * * LOW HITPOINT WARNING * * *
You are lethally poisoned!
The water moccasin poisons you!
You hit the water moccasin but do no damage.
The water moccasin is almost dead.
You die...

.....#
####.................####
.....#
####..##....##.####
.....# #######.#####
.....############# ###
..........##.....#
..........##.....#
........###...!..#
.....#####.......#
.###.#####....#.@#
##.....##....†##S##
#............#>.o.#
...≈~≈..........#...#
..≈≈~≈≈......#######..# #
..~~♣~~.....# #.. #
..≈≈~≈≈..... # # #
...≈~≈...♣## ..### #
♣.......♣ #...##


You could see a water moccasin and an orc.

Vanquished Creatures
  Sigmund (D:2)
  A black bear (D:4)
  A phantom (D:5)
  An ogre (D:5)
  A scorpion (D:5)
  A hound (D:5)
  Jessica (D:2)
  An iguana (D:4)
  3 adders (D:2)
  A gnoll (D:1)
  An ufetubus (D:5)
  4 worms
  A dart slug (D:2)
  2 orcs
  7 endoplasms
  3 giant cockroaches
  6 goblins
  3 hobgoblins
  9 kobolds
  4 quokkas (D:1)
  6 ball pythons
  4 frilled lizards
  4 rats
66 creatures vanquished.

Vanquished Creatures (others)
  A plant (D:1)
1 creature vanquished.

Grand Total: 67 creatures vanquished

Notes
Turn   | Place    | Note
-------+----------+-------------------------------------------
     0 | D:1      | ragingrage the Vine Stalker Brigand began the quest for the
                  | Orb.
     0 | D:1      | Reached XP level 1. HP: 11/11 MP: 2/2
   340 | D:1      | Reached skill level 5 in Stealth
   340 | D:1      | Reached XP level 2. HP: 12/15 MP: 1/3
   725 | D:1      | Reached XP level 3. HP: 11/18 MP: 1/4
  1139 | D:2      | Noticed Sigmund
  1298 | D:2      | Found Kuzxiv's Weapon Shoppe.
  1562 | D:2      | Noticed Jessica
  1577 | D:2      | Killed Jessica
  1578 | D:2      | Gained mutation: Your natural rate of healing is unusually
                  | fast. [Vine Stalker growth]
  1578 | D:2      | Reached XP level 4. HP: 9/23 MP: 1/5
  1586 | D:2      | HP: 1/23 [adder (2)]
  1591 | D:2      | HP: 1/23 [poisoned by an adder]
  1710 | D:2      | Killed Sigmund
  1711 | D:2      | Reached skill level 6 in Stealth
  1711 | D:2      | Reached XP level 5. HP: 2/26 MP: 1/6
  1711 | D:2      | Reached XP level 6. HP: 3/30 MP: 1/7
  2557 | D:4      | Noticed an orc warrior
  2787 | D:4      | Found a white marble altar of Elyvilon.
  2788 | D:4      | Noticed a black bear
  2797 | D:4      | Killed a black bear
  2862 | D:4      | Found a glowing golden altar of the Shining One.
  3043 | D:5      | Entered Level 5 of the Dungeon
  3044 | D:5      | Found a staircase to the Ecumenical Temple.
  3056 | D:5      | Reached skill level 1 in Dodging
  3056 | D:5      | Reached XP level 7. HP: 34/34 MP: 8/8
  3064 | Temple   | Entered the Ecumenical Temple
  3331 | Temple   | Became a worshipper of Uskayaw the Reveller
  3405 | D:5      | Reached * piety under Uskayaw
  3406 | D:5      | Reached skill level 5 in Short Blades
  3438 | D:5      | Reached ** piety under Uskayaw
  3483 | D:5      | Reached skill level 7 in Stealth
  3553 | D:4      | Succumbed to a water moccasin's poison

Illustrated notes

Levels and vault maps discovered:
D:1:      heliophobic_arrival_henge, layout_basic, serial_bayou,
          serial_bayou_pond_b, serial_bayou_pond_d, serial_bayou_pond_a,
          serial_bayou_lagoon_a, st_stairs_8, minmay_misc_feat_five,
          hangedman_glass_teeth, minmay_pentomino_t2
D:2:      layout_loops_ring, serial_shops, nicolae_shop_bloodbath_and_beyond,
          kennysheep_potato, uniq_sigmund, uniq_jessica
D:3:      layout_rooms
D:4:      layout_cave_pods, elyvilon_altar_3, nicolae_tso_carved_into_rock,
          kennysheep_flooded_box
D:5:      layout_rooms, nzn_hepliaklqana_mist_gate, minmay_temple_entry_wispy,
          serial_shops, nicolae_shop_hallway_plus
Temple:   minmay_temple_curvy_branch

Skill      XL: |  1  2  3  4  5  6  7 |
---------------+----------------------+-----
Short Blades   | 2 3 4 5 |  5.2
Throwing       | 2 3 |  3.9
Stealth        | 5 6 7 |  7.0
Dodging        | 1 |  1.6
Fighting       | |  1.7

Action                   |  1- 3 |  4- 6 |  7- 9 || total
-------------------------+-------+-------+-------++-------
Melee: Dagger            |    67 |   125 |    29 ||   221
       Bite              |    19 |    29 |    10 ||    58
Throw: Dart              |     3 |     3 |     1 ||     7
  Use: Scroll            |     2 |       |       ||     2
       Potion            |       |     2 |     2 ||     4
 Stab: Sleeping          |     7 |     9 |     2 ||    18
Armor: Robe              |    14 |    23 |     3 ||    40
Dodge: Dodged            |    19 |    48 |    20 ||    87
Block: Kite shield       |       |     1 |     9 ||    10

Table legend: (Time is in decaauts)
 A = Elapsed time spent in this place.
 B = Non-inter-level travel time spent in this place.
 C = Inter-level travel time spent in this place.
 D = Time resting spent in this place.
 E = Time spent auto-exploring this place.
 F = Levels seen in this place.
 G = Mean time per level.
                   A        B        C        D        E       F      G
               +--------+--------+--------+--------+--------+-----+--------+
         Total |   3524 |   3261 |    263 |    296 |   2207 |   6 |  587.3 |
       Dungeon |   3234 |   3014 |    220 |    296 |   1964 |   5 |  646.8 |
        Temple |    289 |    246 |     43 |      0 |    243 |   1 |  289.0 |
               +--------+--------+--------+--------+--------+-----+--------+

Top non-repeatable levels by time:
     D:1: 1131 daAuts
     D:2: 886 daAuts
     D:4: 567 daAuts
     D:3: 469 daAuts
  Temple: 289 daAuts
     D:5: 179 daAuts
